 Dungeon Crawl Stone Soup version 0.28.0-43-g3370ac3207 (webtiles) character file.

Game seed: 17806553657068995364

18 demenzo the Skirmisher (level 2, -2/48 HPs)
             Began as an Ogre Berserker on Mar 8, 2022.
             Was a Follower of Trog.
             Slain by a goblin
             ... wielding a +0 dagger
              (3 damage)
             ... on level 1 of the Dungeon.
             The game lasted 00:00:27 (298 turns).

demenzo the Skirmisher (Ogre Berserker)              Turns: 298, Time: 00:00:28

Health: -2/48      AC:  3    Str: 20    XL:     2   Next: 70%
Magic:  2/2        EV: 10    Int:  8    God:    Trog [*.....]
Gold:   18         SH:  0    Dex:  8    Spells: 1/1 levels left

rFire   . . .      SeeInvis .   a - +0 mace
rCold   . . .      Faith    .   (no shield)
rNeg    . . .      Spirit   .   b - +0 animal skin
rPois   .          Reflect  .   (helmet restricted)
rElec   .          Harm     .   (no cloak)
rCorr   .          Rampage  .   (gloves unavailable)
Will    .....                   (boots unavailable)
Stlth   ..........              (no amulet)
HPRegen 0.16/turn               (no ring)
MPRegen 0.08/turn               (no ring)

@: berserking, very quick
A: large, unfitting armour, tough skin 1
a: Renounce Religion, Berserk


You were on level 1 of the Dungeon.
You worshipped Trog.
Trog was aware of your devotion.
You visited 1 branch of the dungeon, and saw 1 of its levels.

You collected 18 gold pieces.

Inventory:

Hand Weapons
 a - a +0 mace (weapon)
Armour
 b - a +0 animal skin (worn)


   Skills:
 + Level 4.3 Fighting
 * Level 3.1 Maces & Flails
 + Level 2.9 Dodging


You had one spell level left.
You didn't know any spells.
Your spell library was empty.

Dungeon Overview and Level Annotations

Branches:
Dungeon (1/15)

Altars:


Innate Abilities, Weirdness & Mutations

You are too large for most types of armour.
You have tough skin. (AC +1)


Message History

A red film seems to cover your vision as you go berserk!
You feel yourself moving faster!
You feel mighty! The quokka closely misses you.
The goblin hits you but does no damage.
The kobold hits you with a +0 short sword.
The kobold hits you with a +0 whip.
You are too injured to fight recklessly!
You are too injured to fight recklessly!
You are too injured to fight recklessly!
You are too injured to fight recklessly!
You are too injured to fight recklessly!
You barely miss the kobold.
The quokka bites you but does no damage.
The goblin hits you but does no damage. The kobold barely misses you.
You miss the kobold. The kobold barely misses you. The quokka misses you.
The goblin hits you but does no damage.
You barely miss the kobold.
The kobold hits you with a +0 short sword.
* * * LOW HITPOINT WARNING * * *
The kobold hits you with a +0 whip.
* * * LOW HITPOINT WARNING * * *
The quokka misses you. The goblin hits you with a +0 dagger.
* * * LOW HITPOINT WARNING * * *
You barely miss the kobold. The kobold closely misses you.
The quokka barely misses you. The kobold barely misses you.
You sock the kobold!
You kill the kobold!
Trog accepts your kill. The goblin hits you but does no damage.
The quokka bites you.
* * * LOW HITPOINT WARNING * * *
The kobold hits you with a +0 whip.
* * * LOW HITPOINT WARNING * * *
You completely miss the quokka. The goblin hits you with a +0 dagger.
* * * LOW HITPOINT WARNING * * *
The quokka barely misses you.
Unknown command.
You closely miss the goblin. The kobold hits you with a +0 whip.
* * * LOW HITPOINT WARNING * * *
The quokka bites you but does no damage.
The goblin hits you with a +0 dagger.
You die...

.# #####.............
.###.................
.....#...###..#..... ###
..#....#...)......###.!.
..#........)...........#
.....###................
...### #................
....# #................
#...............@)......
##.............grK.....#
........#.......B.....##
♣♣.....##....#........#
......................#
.........#.###.......##
..P....###.# #.......#
P..♣.. . .........
....P.


You could see a quokka, a giant cockroach, a goblin and a kobold.

Vanquished Creatures
  A dart slug (D:1)
  2 endoplasms (D:1)
  3 giant cockroaches (D:1)
  3 goblins (D:1)
  A hobgoblin (D:1)
  A ball python (D:1)
  2 kobolds (D:1)
  A rat (D:1)
14 creatures vanquished.

Notes
Turn   | Place    | Note
-------+----------+-------------------------------------------
     0 | D:1      | demenzo the Ogre Berserker began the quest for the Orb.
     0 | D:1      | Reached XP level 1. HP: 24/24 MP: 1/1
   134 | D:1      | Reached XP level 2. HP: 30/32 MP: 2/2
   298 | D:1      | HP: 1/48 [kobold/+0 whip (3)]
   298 | D:1      | Slain by a goblin

Illustrated notes

Levels and vault maps discovered:
D:1:      wander_arrival_fairy_ring, layout_rooms

Skill      XL: |  1 |
---------------+----+-----
Maces & Flails | 3 |  3.1
Fighting       | |  4.3
Dodging        | |  2.9

Action                   || total
-------------------------++-------
Melee: Mace              ||    41
Invok: Berserk           ||     1
Armor: Animal skin       ||    17
Dodge: Dodged            ||    40
